AoeStats
← CazadorGT

Arena

508281659Analyzed
2v2 RM · 11d ago on Sep 21, 2026· 55m 25s· 4 players
Game mode
Random Map
Map size
Medium (4 player)
Population
200
Speed
Normal
Resources
Standard
Victory
Conquest
Starting age
Dark Age
Ending age
Imperial Age
RankedLock teamsTeams togetherTeam positionsShared explorationLock speedFull tech treeHidden civsTurbo modeCheats
Victory
Defeat
🇬🇹 Bohemians · Guatemala
1115
+11
🇮🇹 Hindustanis · Italy
1020
+15
🇨🇳 Sicilians · China
1015
-14
🇨🇴 Portuguese · Colombia
986
-12
pablodaniv
12:25 Feudal Age
13:05 Double-Bit Axe
13:01 Horse Collar
13:14 Gold Mining
17:29 Castle Age
15:29 Stone Mining
18:13 Wheelbarrow
18:21 Bow Saw
23:02 Wheelbarrow
26:37 Circumnavigation
30:25 Pikeman
30:51 Gambesons
30:52 Arson
33:07 Hand Cart
32:38 Town Watch
35:29 Imperial Age
36:01 Stone Shaft Mining
39:06 Capped Ram
39:36 Elite Organ Gun
40:37 Conscription
40:17 Arquebus
42:44 Chemistry
41:55 Masonry
43:01 Scale Mail Armor
43:11 Forging
43:09 Scale Barding Armor
45:24 Padded Archer Armor
45:59 Iron Casting
45:40 Chain Mail Armor
45:46 Chain Barding Armor
46:09 Bombard Tower
46:13 Ballistics
45:35 Treadmill Crane
46:25 Architecture
48:19 Cavalier
48:59 Husbandry
49:10 Bloodlines
猫咪先生
11:15 Feudal Age
14:58 Castle Age
14:51 Double-Bit Axe
18:19 Horse Collar
25:11 Wheelbarrow
31:36 Imperial Age
30:03 Gold Mining
30:04 Stone Mining
30:28 Heavy Plow
30:19 Loom
31:37 First Crusade
32:05 Gambesons
32:21 Squires
32:07 Arson
31:51 Capped Ram
34:28 Elite Serjeant
36:00 Hand Cart
35:30 Town Watch
36:22 Siege Ram
39:12 Bow Saw
40:34 Onager
41:22 Padded Archer Armor
43:22 Siege Engineers
verbumdei76
1:01 Loom
10:26 Feudal Age
15:37 Castle Age
15:31 Horse Collar
17:36 Town Watch
17:49 Double-Bit Axe
22:01 Scale Mail Armor
26:42 Fervor
26:53 Sanctity
26:28 Pikeman
29:03 Wheelbarrow
34:09 Imperial Age
31:43 Fletching
32:59 Bloodlines
34:43 Forging
35:13 Fortified Wall
35:42 Heavy Camel Rider
37:57 Scale Barding Armor
41:03 Chain Barding Armor
42:00 Hand Cart
42:23 Iron Casting
42:28 Conscription
42:20 Masonry
42:04 Heavy Camel Rider
43:46 Bow Saw
43:42 Husbandry
44:58 Blast Furnace
44:49 Illumination
44:39 Block Printing
46:48 Grand Trunk Road
46:28 Imperial Camel Rider
50:03 Plate Barding Armor
49:29 Crossbowman
50:23 Bodkin Arrow
54:21 Hoardings
55:12 Chain Mail Armor
54:59 Shatagni
55:57 Caravan
57:03 Chemistry
CazadorGT
11:25 Feudal Age
15:50 Castle Age
14:49 Forging
14:37 Double-Bit Axe
14:34 Horse Collar
16:51 Loom
17:58 Fletching
20:18 Bodkin Arrow
23:53 Redemption
28:15 Imperial Age
26:37 Fervor
26:55 Sanctity
27:50 Bow Saw
27:42 Heavy Plow
29:59 Chemistry
30:11 Two-Man Saw
29:31 Bracer
30:00 Block Printing
36:02 Houfnice
38:47 Conscription
41:10 Elite Hussite Wagon
47:51 Wheelbarrow
47:01 Town Watch
52:17 Treadmill Crane
Connection lost

Rejoining the realm…

Still unreachable

The connection could not be restored.

Session expired

The server has moved on; the page needs a fresh start.